 Dungeon Crawl Stone Soup version 0.17.0-18-gaab0e96 (webtiles) character file.

29387 trolloc1 the Basher (level 13, 84/84 HPs)
             Began as a Gargoyle Berserker on Nov 11, 2015.
             Was a Priest of Trog.
             Starved to death
             ... in a labyrinth on Nov 12, 2015.
             The game lasted 01:27:21 (13929 turns).

trolloc1 the Basher (Gargoyle Berserker)           Turns: 13929, Time: 01:27:21

Health: 84/84      AC: 31    Str: 27    XL:     13   Next: 44%
Magic:  13/13      EV: 17    Int:  7    God:    Trog [***...]
Gold:   639        SH:  8    Dex:  9    Spells: 0 memorised, 12 levels left

rFire  . . .     SeeInvis .     Z - +3 eveningstar (distort)
rCold  . . .     Clarity  .     B - +6 scale mail
rNeg   + + .     SustAt   .     P - +3 buckler
rPois  ∞         Gourm    .     b - +1 hat {MR+}
rElec  +         Spirit   .     (no cloak)
rCorr  .         Warding  +     I - +2 pair of gloves
rMut   .         Stasis   .     D - +2 pair of boots
MR     +....                    C - amulet of warding
Stlth  ++........               G - ring of stealth
                                h - +3 ring of evasion

@: fainting, somewhat resistant to hostile enchantments, unstealthy
A: negative energy resistance 1, electricity resistance, unbreathing,
petrification resistance, rot immunity, AC +9
a: Berserk, Trog's Hand, Burn Spellbooks, Renounce Religion


You were in a labyrinth.
You worshipped Trog.
Trog was most pleased with you.
You were fainting.

You visited 2 branches of the dungeon, and saw 14 of its levels.
You also visited: Labyrinth.

You collected 914 gold pieces.
You spent 275 gold pieces at shops.

Inventory:

Hand Weapons
 v - a +3 flail of freezing
 Z - a +3 eveningstar of distortion (weapon)
Armour
 b - a +1 hat of magic resistance (worn)
 B - a +6 scale mail (worn)
 D - a +2 pair of boots (worn)
 I - a +2 pair of gloves (worn)
 P - a +3 buckler (worn)
Jewellery
 h - a +3 ring of evasion (left hand)
 r - an uncursed amulet of faith
 C - an amulet of warding (around neck)
 G - a ring of stealth (right hand)
 R - an uncursed amulet of regeneration
Wands
 n - a wand of polymorph (9)
 o - a wand of digging (9)
 z - a wand of heal wounds (3)
 S - a wand of invisibility (5)
 T - a wand of disintegration (4)
Scrolls
 a - 2 scrolls of teleportation
 f - 6 scrolls of remove curse
 j - 13 scrolls of identify
 q - 3 scrolls of recharging
 L - a scroll of fear
 N - a scroll of silence
 U - a scroll of magic mapping
 V - 4 scrolls of fog
Potions
 e - a potion of lignification {unknown}
 g - 2 potions of beneficial mutation {unknown}
 i - 2 potions of magic
 k - a potion of ambrosia {unknown}
 p - 3 potions of might
 t - 3 potions of poison {unknown}
 A - 4 potions of curing {unknown}
 E - a potion of brilliance {unknown}
 F - 2 potions of heal wounds {unknown}
 W - a potion of mutation {unknown}
Miscellaneous
 m - a disc of storms
Comestibles
 c - 7 bread rations
 d - 8 meat rations
 l - 2 slices of pizza
 K - 22 fruits
 M - 9 royal jellies


   Skills:
 + Level 11.0 Fighting
   Level 4.2(8.2) Axes
 + Level 11.8(12.1) Maces & Flails
 + Level 9.1 Armour
 + Level 10.0 Dodging
 + Level 3.6 Stealth
 + Level 7.9 Shields
 + Level 1.0 Evocations


You had 12 spell levels left.
You didn't know any spells.

Dungeon Overview and Level Annotations

Branches:
Dungeon (9/15)             Temple (0/1) D:5            Lair (5/8) D:9
 Shoals (0/4) Lair:4        Snake (0/4) Lair:5
    Orc: D:9-12

Altars:
Dithmenos
Elyvilon
Fedhas
Kikubaaqudgha
Nemelex Xobeh
Okawaru
Qazlal
Ru
Vehumet
Xom
Yredelemnul
Zin
The Shining One

Shops:
D:5 *   D:7 }

Annotations:
Lair:1 exclusion: oklob plant


Innate Abilities, Weirdness & Mutations

You are resistant to torment.
Your stone body is resilient (AC +9).
You are immune to poison.
You resist negative energy.
You are resistant to electric shocks.
You can survive without breathing.
You are immune to petrification.
You are immune to rotting.


Message History

Really walk into that teleport trap?
You enter a teleport trap!
The teleport trap disappears.
Your surroundings suddenly seem different.
You hear the creaking of ancient gears!
You are near starving!
You hear the creaking of ancient gears!
You are starving!
You hear an odd grinding sound!
Read which item? (? for menu, Esc to quit)
It would have no effect in this place.
You are fainting from starvation!
You feel a sudden draft!
You lose consciousness!
You can move again.
You lose consciousness!
You can move again.
You lose consciousness!
You can move again.
You have starved to death.
You die...

##### ## ...#
..# # #.###
#### #.#.#.#.#
..#.. ###
#.#.#.#.#####
#.
#...#..@..#....
#####.###.### .
.. # ..#......
## #.#
##.#####.# .# #
# #.# . ## ##
##. #.# . .
.... .. #.#
.### #. .# ###
.# . .#.#


There were no monsters in sight!

Vanquished Creatures
  Gastronok (D:9)
  Pikel (D:9)
  17 elephants
  A siren (Lair:4)
  A black mamba (Lair:4)
  2 spiny frogs
  3 komodo dragons
  Grinder (D:6)
  18 blink frogs
  24 yaks
  4 hungry ghosts
  8 hippogriffs
  Edmund (D:5)
  2 nagas (Lair:5)
  9 water moccasins
  3 porcupines
  3 ice beasts
  2 sky beasts
  3 orc warriors
  A black bear (D:8)
  2 ogres
  2 phantoms
  A wasp (D:7)
  4 big kobolds (D:3)
  The ghost of ces the Bolt Thrower, an amateur GrAM (D:4)
  16 giant frogs
  2 centaurs
  11 crocodiles
  6 scorpions
  9 wights
  6 crimson imps
  A giant frog zombie (D:7)
  4 hounds
  4 jellies
  A centaur zombie (D:8)
  6 orc priests
  A giant frog skeleton (D:8)
  6 orc wizards
  4 iguanas
  7 worker ants
  2 sheep (Lair:4)
  A hound skeleton (D:5)
  Robin (D:3)
  9 gnolls
  20 river rats
  A worker ant zombie (D:5)
  10 adders
  A shadow imp (D:5)
  6 oozes
  6 adder skeletons
  4 worms
  6 giant geckos
  31 orcs
  2 gnoll zombies (D:2)
  15 goblins
  12 hobgoblins
  5 quokkas
  4 bats
  6 giant cockroaches
  4 giant newts
  13 jackals
  53 kobolds
  9 rats
  A bush (Lair:1)
  A butterfly (Lair:4)
  3 plants
425 creatures vanquished.

Vanquished Creatures (collateral kills)
  The ghost of TruthSerum the Bludgeoner, a journeyman OgBe of Trog (Lair:2)
  2 black mambas
  A hungry ghost (D:9)
  2 wargs (D:9)
  3 slaves (D:9)
  An ogre (D:9)
  A crocodile (Lair:2)
  A jelly (D:9)
  2 orc priests (D:9)
  An iguana (Lair:2)
  4 sheep (Lair:4)
  An adder (D:6)
  2 orcs (D:9)
22 creatures vanquished.

Vanquished Creatures (others)
  A hydra (Lair:4)
  3 elephants (Lair:4)
  A hungry ghost (Lab)
  A hound (D:9)
  5 plants
11 creatures vanquished.

Grand Total: 458 creatures vanquished

Notes
Turn   | Place    | Note
--------------------------------------------------------------
     0 | D:1      | trolloc1 the Gargoyle Berserker began the quest for the Orb.
     0 | D:1      | Reached XP level 1. HP: 14/14 MP: 1/1
   111 | D:1      | Reached XP level 2. HP: 19/19 MP: 2/2
   324 | D:1      | Reached ** piety under Trog
   347 | D:1      | Found a glowing golden altar of the Shining One.
   779 | D:2      | Reached XP level 3. HP: 24/24 MP: 3/3
   884 | D:2      | Found a basalt altar of Yredelemnul.
  1299 | D:3      | Found an iron altar of Okawaru.
  1393 | D:3      | Reached skill level 4 in Fighting
  1465 | D:3      | Noticed a big kobold
  1478 | D:3      | Killed a big kobold
  1478 | D:3      | Reached *** piety under Trog
  1478 | D:3      | Reached XP level 4. HP: 30/30 MP: 4/4
  1478 | D:3      | Reached XP level 5. HP: 34/34 MP: 5/5
  1724 | D:3      | Noticed Robin
  1734 | D:3      | Reached skill level 1 in Axes
  1736 | D:3      | Killed Robin
  1876 | D:3      | Reached **** piety under Trog
  2048 | D:3      | Noticed a big kobold
  2055 | D:3      | Killed a big kobold
  2055 | D:3      | Reached XP level 6. HP: 40/40 MP: 6/6
  2237 | D:3      | Noticed a big kobold
  2245 | D:3      | Killed a big kobold
  2249 | D:3      | Reached skill level 5 in Fighting
  2326 | D:3      | Noticed a big kobold
  2333 | D:3      | Reached XP level 7. HP: 39/44 MP: 7/7
  2342 | D:3      | Killed a big kobold
  2676 | D:4      | Noticed ces's ghost (amateur GrAM)
  2685 | D:4      | Killed ces's ghost
  2746 | D:4      | Found a glowing silver altar of Zin.
  3068 | D:4      | Found a white marble altar of Elyvilon.
  3133 | D:4      | Found a sparkling altar of Nemelex Xobeh.
  3283 | D:4      | Reached XP level 8. HP: 50/50 MP: 8/8
  3476 | D:4      | Reached skill level 5 in Armour
  3485 | D:5      | Entered Level 5 of the Dungeon
  3486 | D:5      | Found a stormy altar of Qazlal.
  3491 | D:5      | Reached skill level 1 in Stealth
  3509 | D:5      | Found a staircase to the Ecumenical Temple.
  3628 | D:5      | Found Tiagodar's Assorted Antiques.
  3628 | D:5      | Noticed Edmund
  3645 | D:5      | Killed Edmund
  3645 | D:5      | Reached skill level 6 in Fighting
  3684 | D:5      | Bought a buckler for 99 gold pieces
  3684 | D:5      | Bought a scroll labeled XAKONUFUGE for 22 gold pieces
  3684 | D:5      | Bought a dented jade amulet for 110 gold pieces
  3684 | D:5      | Bought a scroll of identify for 44 gold pieces
  3952 | D:6      | Found a shadowy altar of Dithmenos.
  3984 | D:6      | Upgraded the game from 0.17.0-15-g6d90897 to 0.17.0-18-gaab0e96
  4033 | D:6      | Reached skill level 5 in Dodging
  4067 | D:6      | Found a blossoming altar of Fedhas.
  4195 | D:6      | Found a shimmering altar of Xom.
  4197 | D:6      | Found an ancient bone altar of Kikubaaqudgha.
  4219 | D:6      | Found a sacrificial altar of Ru.
  4302 | D:6      | Reached XP level 9. HP: 50/56 MP: 9/9
  4415 | D:6      | Reached skill level 1 in Shields
  4418 | D:6      | Reached ***** piety under Trog
  4635 | D:6      | Noticed Grinder
  4676 | D:6      | Killed Grinder
  4676 | D:6      | Reached skill level 5 in Maces & Flails
  4687 | D:6      | Found a radiant altar of Vehumet.
  5068 | D:7      | Found Sazicuck's Gadget Shoppe.
  5325 | D:7      | Reached skill level 7 in Fighting
  5641 | D:7      | Reached XP level 10. HP: 60/63 MP: 10/10
  5880 | D:8      | Received a gift from Trog
  6661 | D:9      | Noticed Pikel
  6669 | D:9      | Killed Pikel
  6714 | D:9      | Reached skill level 8 in Maces & Flails
  7088 | D:9      | Found a staircase to the Lair.
  7239 | D:9      | Noticed Gastronok
  7267 | D:9      | Killed Gastronok
  7267 | D:9      | Reached XP level 11. HP: 23/69 MP: 11/11
  7502 | Lair:1   | Entered Level 1 of the Lair of Beasts
  7597 | Lair:1   | Reached skill level 9 in Maces & Flails
  8483 | Lair:2   | Noticed TruthSerum's ghost (journeyman OgBe)
  8542 | Lair:1   | Reached skill level 5 in Shields
  8695 | Lair:2   | Killed TruthSerum's ghost
  8868 | Lair:2   | Reached skill level 1 in Evocations
  9499 | Lair:3   | Reached XP level 12. HP: 56/76 MP: 12/12
  9557 | Lair:3   | Reached skill level 10 in Maces & Flails
 10663 | Lair:4   | Reached skill level 10 in Fighting
 10805 | Lair:4   | Found a staircase to the Shoals.
 10834 | Lair:4   | Received a gift from Trog
 10916 | Lair:4   | Reached skill level 11 in Maces & Flails
 10919 | Lair:4   | Noticed an eight-headed hydra
 10924 | Lair:4   | Banished an eight-headed hydra
 10924 | Lair:4   | Reached XP level 13. HP: 56/83 MP: 13/13
 11845 | Lair:5   | Found a staircase to the Snake Pit.
 12031 | Lair:5   | Reached skill level 10 in Dodging
 12194 | Lair:5   | Found a labyrinth entrance.
 12204 | Lab      | Entered a labyrinth
 13929 | Lab      | Starved to death

Action                   |  1- 3 |  4- 6 |  7- 9 | 10-12 | 13-15 || total
-------------------------+-------+-------+-------+-------+-------++-------
Melee: Mace              |    99 |       |       |       |       ||    99
       Hand axe          |    43 |   147 |   192 |       |       ||   382
       Flail             |       |       |   336 |   881 |       ||  1217
       Eveningstar       |       |       |       |    22 |   181 ||   203
Invok: Berserk           |     3 |     4 |     4 |     9 |       ||    20
       Trog's Hand       |       |       |     3 |     9 |       ||    12
       Brothers in Arms  |       |       |     1 |     5 |       ||     6
       Burn Spellbooks   |       |       |       |     2 |       ||     2
Evoke: Wand              |       |       |       |     4 |       ||     4
  Use: Scroll            |       |       |    12 |     7 |     2 ||    21
 Stab: Sleeping          |       |       |       |     2 |     2 ||     4
  Eat: Chunk             |     4 |     8 |    17 |    21 |     4 ||    54
       Beef jerky        |       |       |       |     3 |       ||     3
       Bread ration      |       |       |       |     1 |       ||     1
       Royal jelly       |       |       |       |       |     2 ||     2
